 Dungeon Sprint DCSS version 0.24-a0-280-g7cec4da (webtiles) character file.

Game seed: 10823205208640886884

295 schets the Skirmisher (level 6, -2/53 HPs)
             Began as a Demonspawn Fighter on May 5, 2019.
             Was a Follower of Uskayaw.
             Slain by an orc warrior
             ... wielding a +0 scimitar of electrocution
              (14 damage)
             ... in the Dungeon (Sprint IX: "|||||||||||||||||||||||||||||").
             The game lasted 00:02:16 (663 turns).

schets the Skirmisher (Demonspawn Fighter)           Turns: 663, Time: 00:02:17

Health: -2/53      AC: 12    Str: 23    XL:     6   Next: 11%
Magic:  4/10       EV: 14    Int:  9    God:    Uskayaw [*.....]
Gold:   0          SH: 10    Dex: 14    Spells: 5/5 levels left

rFire    . . .     SeeInvis .   p - +7 Spriggan's Knife {stab, EV+4 Stlth+}
rCold    . . .     Gourm    .   c - +0 shield
rNeg     . . .     Faith    .   s - +1 scale mail
rPois    .         Spirit   .   (no helmet)
rElec    .         Reflect  .   t - +0 cloak
rCorr    .         Harm     .   (no gloves)
MR       .....     NoTele   +   u - +0 pair of boots
Stlth    ++........             (no amulet)
HPRegen  0.17/turn              q - +3 ring of strength
MPRegen  0.12/turn              r - +3 ring of strength

@: no status effects
A: claws 2, molten scales 1, demonic guardian 1
a: Stomp, Renounce Religion


You were in the Dungeon.
You worshipped Uskayaw.
Uskayaw was noncommittal.
You were not hungry.

You visited 1 branch

Inventory:

Hand Weapons
 a - a +0 rapier
 p - the +7 Spriggan's Knife (weapon) {stab, EV+4 Stlth+}
   (You found it in the Dungeon)

   It affects your evasion (+4).
   It makes you more stealthy.
Armour
 b - a +0 scale mail
 c - a +0 shield (worn)
 s - a +1 scale mail (worn)
 t - a +0 cloak (worn)
 u - a +0 pair of boots (worn)
Jewellery
 q - a +3 ring of strength (left claw)
 r - a +3 ring of strength (right claw)
Wands
 o - a wand of iceblast (10)
Scrolls
 k - 2 scrolls of blinking
 m - 3 scrolls of remove curse
 n - 2 scrolls of amnesia
Potions
 d - a potion of might
 e - 5 potions of curing
 g - 3 potions of heal wounds
 h - a potion of haste
 i - 4 potions of magic
 j - a potion of berserk rage
 l - a potion of invisibility
Comestibles
 f - a ration


   Skills:
 * Level 6.9 Fighting
 * Level 5.8 Short Blades
 + Level 4.7 Armour
 + Level 3.7 Dodging
 + Level 2.9 Stealth
 + Level 4.8 Shields
 * Level 5.7 Invocations


You had 5 spell levels left.
You didn't know any spells.
Your spell library was empty.

Dungeon Overview and Level Annotations

Branches:
Dungeon (1/1)

Altars:
Cheibriados
Dithmenos
Elyvilon
Fedhas
Gozag
Hepliaklqana
Kikubaaqudgha
Makhleb
Nemelex Xobeh
Okawaru
Qazlal
Ru
Sif Muna
Trog
Uskayaw
Vehumet
Wu Jian
Xom
Yredelemnul
Zin
The Shining One
Beogh
Jiyva
Lugonu


Innate Abilities, Weirdness & Mutations

You have very sharp fingernails.
You are partially covered in molten scales. (AC +2)
A weak demonic guardian rushes to your aid.


Message History

The orc warrior is lightly wounded.
You hit the orc warrior.
The orc warrior is moderately wounded.
Your shadow imp hits the orc warrior.
The orc warrior completely misses you.
Okay, then.
You hit the orc warrior but do no damage.
The orc warrior is heavily wounded.
Your shadow imp gestures at the orc warrior.
The orc warrior struggles to resist.
You block the orc warrior's attack.
You hit the orc warrior but do no damage.
The orc warrior is heavily wounded.
Your shadow imp hits the orc warrior but does no damage.
You hit the orc warrior.
The orc warrior is heavily wounded.
You block the orc warrior's attack.
Your shadow imp hits the orc warrior but does no damage.
You barely miss the orc warrior.
The orc warrior is heavily wounded.
The orc warrior hits you with a +0 scimitar of electrocution!
You die...

▓.▓
▓.▓
▓.▓
▓.▓
▓.▓
▓)▓
▓5▓
▓o▓
▓@▓
▓5▓
▓.▓
▓)▓
▓|▓
▓.▓
▓.▓
▓'▓
▓_▓


You could see an orc warrior, a friendly quasit and a friendly shadow imp.

Vanquished Creatures
  An eye of draining (D)
  A jelly (D)
  A hound (D)
  A dart slug (D)
  A leopard gecko (D)
  2 orcs (D)
  A hobgoblin (D)
  2 kobolds (D)
  2 ball pythons (D)
12 creatures vanquished.

Vanquished Creatures (collateral kills)
  A yak (D)
  A crimson imp (D)
  A bat zombie (D)
3 creatures vanquished.

Grand Total: 15 creatures vanquished

Notes
Turn   | Place    | Note
-------+----------+-------------------------------------------
     0 | D        | schets the Demonspawn Fighter began the quest for the Orb.
     0 | D        | Reached XP level 1. HP: 18/18 MP: 1/1
    22 | D        | Reached skill level 1 in Dodging
   319 | D        | Noticed a hound
   319 | D        | Noticed a crimson imp
   328 | D        | Killed a hound
   328 | D        | Reached skill level 4 in Fighting
   328 | D        | Gained mutation: A weak demonic guardian rushes to your
                  | aid. [demonic ancestry]
   328 | D        | Reached XP level 2. HP: 25/26 MP: 2/2
   328 | D        | Reached XP level 3. HP: 30/31 MP: 3/3
   383 | D        | Reached skill level 5 in Fighting
   520 | D        | Found a roughly hewn altar of Beogh.
   520 | D        | Found a snail-covered altar of Cheibriados.
   520 | D        | Found a shadowy altar of Dithmenos.
   520 | D        | Found a white marble altar of Elyvilon.
   520 | D        | Found a blossoming altar of Fedhas.
   520 | D        | Found an opulent altar of Gozag.
   521 | D        | Found a hazy altar of Hepliaklqana.
   522 | D        | Found a viscous altar of Jiyva.
   523 | D        | Found an ancient bone altar of Kikubaaqudgha.
   524 | D        | Found a corrupted altar of Lugonu.
   525 | D        | Found a burning altar of Makhleb.
   526 | D        | Found a sparkling altar of Nemelex Xobeh.
   527 | D        | Found an iron altar of Okawaru.
   528 | D        | Found a stormy altar of Qazlal.
   529 | D        | Found a sacrificial altar of Ru.
   530 | D        | Found a deep blue altar of Sif Muna.
   531 | D        | Found a bloodstained altar of Trog.
   532 | D        | Found a hide-covered altar of Uskayaw.
   533 | D        | Found a radiant altar of Vehumet.
   534 | D        | Found an ornate altar of the Wu Jian Council.
   535 | D        | Found a shimmering altar of Xom.
   536 | D        | Found a basalt altar of Yredelemnul.
   537 | D        | Found a glowing silver altar of Zin.
   538 | D        | Found a glowing golden altar of the Shining One.
   540 | D        | Became a worshipper of Uskayaw the Reveler
   556 | D        | Found the +7 Spriggan's Knife {stab, EV+4 Stlth+}
   602 | D        | Noticed an orc warrior
   602 | D        | Noticed an eye of draining
   602 | D        | Noticed a yak
   605 | D        | Reached * piety under Uskayaw
   612 | D        | Reached ** piety under Uskayaw
   619 | D        | Killed a yak
   619 | D        | Reached skill level 6 in Fighting
   619 | D        | Reached skill level 5 in Short Blades
   619 | D        | Gained mutation: You have sharp fingernails. [demonic
                  | ancestry]
   619 | D        | Reached XP level 4. HP: 16/41 MP: 0/7
   619 | D        | Gained mutation: You have very sharp fingernails. [demonic
                  | ancestry]
   619 | D        | Reached XP level 5. HP: 18/47 MP: 0/8
   629 | D        | Killed an eye of draining
   629 | D        | Reached skill level 5 in Invocations
   646 | D        | Reached *** piety under Uskayaw
   647 | D        | Gained mutation: You are partially covered in molten
                  | scales. (AC +2) [demonic ancestry]
   647 | D        | Reached XP level 6. HP: 9/53 MP: 3/10
   663 | D        | Slain by an orc warrior

Levels and vault maps discovered:
D:        linesprint [early_d, line_temple, items_1, d_10, items_2, lair_1,
          lair_end, items_3, orc_1, orc_end, items_4, d_15, swamp_1, shoals_1,
          snake_1, spider_1, d_20, vaults_1, items_5, swamp_end, shoals_end,
          snake_end, spider_end, vaults_end, d_27, items_6, zot_1, zot_end,
          crypt_end, forest_end, elf_end, slime_end, tomb_end, abyss_end,
          pan_hell_end]

Skill      XL: |  1  2  3  4  5 |
---------------+----------------+-----
Short Blades   | 3 5 |  5.8
Armour         | 3 4 |  4.7
Dodging        | 1 3 |  3.7
Shields        | 3 4 |  4.8
Fighting       | 4 6 |  6.9
Stealth        | 2 |  2.9
Invocations    | 4 5 |  5.7

Action                   |  1- 3 |  4- 6 || total
-------------------------+-------+-------++-------
Melee: Rapier            |    55 |       ||    55
       Knife             |    13 |    24 ||    37
 Stab: Sleeping          |       |     2 ||     2
Armor: Scale mail        |    24 |     3 ||    27
Dodge: Dodged            |    23 |     7 ||    30
Block: Shield            |    22 |     8 ||    30

Table legend:
 A = Non-vault XP
 B = Vault XP
 C = Vault XP percentage of total XP
 D = Non-vault monster count
 E = Vault monster count
 F = Vault count percentage of total count
                 A         B        C        D         E       F
            +---------+---------+-------+---------+---------+-------
      Total |       0 |     422 | 100.0 |       0 |      15 | 100.0
            +---------+---------+-------+---------+---------+-------
          D |       0 |     422 | 100.0 |       0 |      15 | 100.0
            +---------+---------+-------+---------+---------+-------
